[Event "*** Titled Tuesday Blitz"]
[Site "Chess.com"]
[Date "2020.05.19"]
[Round "3"]
[White "Pultis"]
[Black "DenishevM"]
[Result "0-1"]
[WhiteElo "2767"]
[BlackElo "2547"]
[TimeControl "180+1"]
[EndTime "12:29:02 PDT"]
[Termination "DenishevM won by checkmate"]

1. d4 Nf6 2. c4 g6 3. g3 Bg7 4. Bg2 O-O 5. Nc3 d6 6. Nf3 Nc6 7. O-O e5 8. dxe5 dxe5 9. Qa4 Be6 10. Bg5 h6 11. Rad1 Qe7 12. Nd5 Bxd5 13. Bxf6 Bxf6 14. cxd5 Nd4 15. Nxd4 exd4 16. Rfe1 Rfd8 17. Bf3 a6 18. h4 h5 19. Qb3 Rab8 20. Kg2 Kg7 21. e3 dxe3 22. Rxe3 Qd6 23. Qc2 Rd7 24. b3 Rbd8 25.
Rde1 Qb6 26. Re8 Rxe8 27. Rxe8 Qd4 28. Rb8 b6 29. Qc6 Re7 30. Qa8 Kh7 31. Qxa6 Re1 32. Qc4 Qe5 33. a4 Rb1 34. Qb4 Rb2 35. Qf4 Qe1 36.
Bxh5 Bg7 37. Bg4 Rb1 38. Bf3 Qh1# 0-1

[Event "*** Titled Tuesday Blitz"]
[Site "Chess.com"]
[Date "2020.05.19"]
[Round "3"]
[White "amiralfio"]
[Black "larisakalinina"]
[Result "1-0"]
[WhiteElo "2465"]
[BlackElo "2026"]
[TimeControl "180+1"]
[EndTime "12:29:02 PDT"]
[Termination "amiralfio won on time"]

1. e4 c5 2. Nf3 Nc6 3. Bb5 g6 4. Bxc6 dxc6 5. d3 Bg7 6. h3 e5 7. a4 Qe7 8. a5 Nf6 9. Be3 O-O 10.
Nbd2 Nd7 11. O-O Rd8 12. Nb3 Rb8 13. Qd2 b6 14. axb6 axb6 15. Ra7 Rb7 16. Rfa1 Nf8 17. Rxb7 Bxb7 18. Qc3 Bc8 19. Ra8 Bb7 20. Ra7 Ra8 21. Rxa8 Bxa8 22. Qc4 Bb7 23. Qa4 Ne6 24. Qa7 Qc7 25.
Nfd2 Bc8 26. Qxc7 Nxc7 27. Nc4 Na8 28. Kf1 Kf8 29. Ke2 Ke7 30. f4 f6 31. fxe5 fxe5 32.
Bg5+ Kd7 33. c3 Kc7 34. Be7 Be6 35. Nbd2 b5 36. Bd6+ Kd7 37. Bxe5 1-0

[Event "*** Titled Tuesday Blitz"]
[Site "Chess.com"]
[Date "2020.05.19"]
[Round "3"]
[White "NefeLV"]
[Black "korbul"]
[Result "1/2-1/2"]
[WhiteElo "1829"]
[BlackElo "2454"]
[TimeControl "180+1"]
[EndTime "12:29:02 PDT"]
[Termination "Game drawn by repetition"]

1. c4 e6 2. Nc3 d5 3. d4 Be7 4.
e3 Nf6 5. Bd3 a6 6. Nf3 dxc4 7.
Bxc4 b5 8. Bd3 Bb7 9. O-O Nbd7 10. Ne5 Nxe5 11. dxe5 Nd7 12. f4 Nc5 13. Bc2 Qxd1 14.
Rxd1 b4 15. Ne2 O-O 16. Nd4 Rfd8 17. Bd2 a5 18. Be1 Be4 19. Rac1 Kf8 20. Bxe4 Nxe4 21.
Rxc7 Bc5 22. Rc1 Bxd4 23. exd4 Rxd4 24. Kf1 Rad8 25. Ra7 R8d7 26. Rxa5 g5 27. fxg5 Kg7 28. Rb5 Kg6 29. h4 Kf5 30. Bxb4 R7d5 31. Rb7 Kxe5 32.
Bc3 Nxc3 33. bxc3 Rd2 34. a4 Ra2 35. Rxf7 Rxa4 36. c4 Rc5 37. Rxh7 Rcxc4 38. Rxc4 Rxc4 39. g6 Kf6 40. g7 Kf7 41. h5 Kg8 42. Rh6 Kxg7 43.
Rxe6 Rc2 44. g4 Ra2 45. Re2 Ra4 46. Rg2 Kh6 47. Kf2 Kg5 48. Kg3 Ra3+ 49. Kh2 Ra6 50. Rg3 Ra1 51. Kh3 Rh1+ 52. Kg2 Ra1 53. Kf3 Ra3+ 54.
Kf2 Ra2+ 55. Kf3 Ra3+ 56. Kf2 Ra2+ 57. Kf3 Ra3+ 1/2-1/2

[Event "*** Titled Tuesday Blitz"]
[Site "Chess.com"]
[Date "2020.05.19"]
[Round "3"]
[White "floplover"]
[Black "Bossche-CM"]
[Result "1/2-1/2"]
[WhiteElo "2306"]
[BlackElo "2455"]
[TimeControl "180+1"]
[EndTime "12:29:02 PDT"]
[Termination "Game drawn - insufficient material"]

1. d4 Nf6 2. c4 e6 3. Nc3 Bb4 4. Qc2 O-O 5. e4 d5 6. e5 Ne4 7.
Bd3 c5 8. Nf3 cxd4 9. Nxd4 Nd7 10. Bf4 Qh4 11. g3 Qh5 12. O-O g5 13. Be3 Bxc3 14. bxc3 Nxe5 15. f3 Nxd3 16. Qxd3 Nc5 17. Qd2 dxc4 18. Bxg5 f6 19. Bh4 Nd3 20. a4 b6 21. a5 e5 22. Nb5 Bb7 23. Nd6 Bxf3 24. axb6 axb6 25. Rxa8 Bxa8 26. Nxc4 e4 27. Bxf6 b5 28.
Ne3 Qh6 29. Bd4 Rxf1+ 30. Nxf1 Qxd2 31. Nxd2 Bd5 32. Kf1 Kf7 33. Ke2 Ke6 34. Ke3 Kf5 35. h3 h5 36. g4+ hxg4 37. hxg4+ Kxg4 38. Nxe4 Bxe4 39. Kxe4 Nb2 40. Kd5 Na4 41. Kc6 Nxc3 42. Bxc3 b4 43. Bxb4 1/2-1/2

[Event "*** Titled Tuesday Blitz"]
[Site "Chess.com"]
[Date "2020.05.19"]
[Round "3"]
[White "AminMolaei"]
[Black "BilodeauA"]
[Result "1-0"]
[WhiteElo "2619"]
[BlackElo "2846"]
[TimeControl "180+1"]
[EndTime "12:29:03 PDT"]
[Termination "AminMolaei won by checkmate"]

1. d4 d5 2. c4 dxc4 3. Nf3 a6 4. a4 Nf6 5. e3 Bg4 6. Bxc4 e6 7. Be2 Nc6 8. O-O Bd6 9. Nc3 O-O 10. h3 Bh5 11.
Nd2 Bxe2 12. Qxe2 e5 13. d5 Nb4 14. e4 Nc2 15. Rb1 Nd4 16. Qd3 Nd7 17. b4 a5 18. Ba3 Qe7 19. Nc4 Bxb4 20. Bb2 Nc5 21. Qe3 Ra6 22. f4 Nd7 23. Kh1 Bc5 24. fxe5 Nc6 25. d6 Qe6 26. Qe2 Nd4 27. Qd3 cxd6 28. exd6 Re8 29. Nd5 Qxe4 30. Ne7+ Rxe7 31. dxe7 Re6 32.
Qxe4 Rxe4 33. Bxd4 Bxe7 34. Rfe1 Rxd4 35. Rxe7 Nf6 36. Ne5 h5 37. Rexb7 Rxa4 38. Nxf7 h4 39. Ng5 Kf8 40. Rf7+ Ke8 41. Rb8# 1-0

[Event "*** Titled Tuesday Blitz"]
[Site "Chess.com"]
[Date "2020.05.19"]
[Round "3"]
[White "OhanyanEminChess"]
[Black "TheBigBoss04"]
[Result "0-1"]
[WhiteElo "2447"]
[BlackElo "2757"]
[TimeControl "180+1"]
[EndTime "12:29:04 PDT"]
[Termination "TheBigBoss04 won on time"]

1. e4 c5 2. Nf3 Nc6 3. d4 cxd4 4. Nxd4 Qb6 5. Nb3 Nf6 6. Nc3 e6 7. Be3 Qc7 8. Be2 Bb4 9. Nd2 Bxc3 10. bxc3 d5 11. Bf3 Ne5 12. O-O Nxf3+ 13. Qxf3 Qxc3 14. exd5 Nxd5 15. Ne4 Qc7 16. Bc5 f6 17. Nd6+ Kf8 18. Ba3 Kg8 19. c4 Ne7 20. Qh5 Ng6 21. Nb5 Qe5 22.
Qf3 a6 23. Nd6 h5 24. Rfe1 Qf4 25. Qc3 e5 26. c5 Be6 27. Nxb7 Kh7 28. c6 Rac8 29.
c7 Qc4 30. Qxc4 Bxc4 31. Nd6 Rxc7 32. Rac1 Rc6 33. Rxc4 Rxc4 34. Nxc4 Rc8 35. Rc1 Nf4 36. Kf1 Nd3 37. Rc3 e4 38. Ke2 Ne5 0-1

[Event "*** Titled Tuesday Blitz"]
[Site "Chess.com"]
[Date "2020.05.19"]
[Round "3"]
[White "yobdc"]
[Black "chessablanca"]
[Result "0-1"]
[WhiteElo "1955"]
[BlackElo "2464"]
[TimeControl "180+1"]
[EndTime "12:29:04 PDT"]
[Termination "chessablanca won on time"]

1. c4 e5 2. g3 Nf6 3. Bg2 d5 4. cxd5 Nxd5 5. Nc3 Be6 6. Nf3 Nc6 7. O-O Be7 8. d4 exd4 9. Nb5 Bf6 10. Nfxd4 O-O 11.
Nxe6 fxe6 12. Qc2 a6 13. Nc3 Ndb4 14. Qe4 Qe7 15. a3 Bxc3 16. bxc3 Nd5 17. c4 Nf6 18. Qc2 Nd4 19. Qb2 e5 20. e3 Ne6 21. Qxb7 Rab8 22. Qxa6 Nc5 23. Qa7 e4 24. Qa5 Nb3 25. Qc3 Nxa1 26.
Qxa1 Qc5 27. Qc3 Rfd8 28. Bb2 Re8 29. Rd1 Rbd8 30. Rxd8 Rxd8 31. h3 Qf5 32. g4 Qc5 33. Bxe4 Qe7 34. Bf3 h6 35. Kg2 Kh7 36. c5 c6 37. a4 Nd5 38. Qc4 Rb8 39. Be4+ Kh8 40. Ba1 Rb4 41. Bxg7+ Qxg7 42. Qd3 Qc3 0-1

[Event "*** Titled Tuesday Blitz"]
[Site "Chess.com"]
[Date "2020.05.19"]
[Round "3"]
[White "The_Machine04"]
[Black "DivyaDeshmukh23"]
[Result "0-1"]
[WhiteElo "2290"]
[BlackElo "2461"]
[TimeControl "180+1"]
[EndTime "12:29:04 PDT"]
[Termination "DivyaDeshmukh23 won by checkmate"]

1. d4 Nf6 2. Bg5 Ne4 3. Bf4 d5 4. e3 Bf5 5. Bd3 e6 6. h4 Bd6 7. g4 Bxf4 8. exf4 Qd6 9. gxf5 Qb4+ 10. Nd2 exf5 11. Ne2 Nc6 12. c3 Qd6 13. Nf1 O-O-O 14. Ne3 Qe6 15. Bxe4 fxe4 16. Ng3 g6 17. f5 gxf5 18.
Ngxf5 Rhg8 19. Qh5 Na5 20. O-O-O b5 21. Rhg1 Rgf8 22.
Qh6 f6 23. Rg7 Kb8 24. Re7 Qb6 25. Qxh7 b4 26. cxb4 Nc6 27. Rd7 Nxb4 28. Kb1 Nd3 29. Rd2 Qb4 30. Nf1 Rxd7 31. Qxd7 Rg8 32. Qc6 Rg1 33. Qc2 Rxf1+ 34. Rd1 Rxd1+ 35. Qxd1 Qxb2# 0-1

[Event "*** Titled Tuesday Blitz"]
[Site "Chess.com"]
[Date "2020.05.19"]
[Round "3"]
[White "PauloCesarCosta_sad"]
[Black "kasparicy"]
[Result "0-1"]
[WhiteElo "2200"]
[BlackElo "2411"]
[TimeControl "180+1"]
[EndTime "12:29:04 PDT"]
[Termination "kasparicy won on time"]

1. Nf3 Nf6 2. c4 g6 3. g3 d5 4. Bg2 Bg7 5. O-O O-O 6. d4 a5 7. cxd5 Nxd5 8. Nc3 Nb6 9. Bf4 Bg4 10. Be5 Nc6 11.
Bxg7 Kxg7 12. e3 a4 13. h3 Bd7 14. Ne4 Qc8 15. Nc5 Bxh3 16. Bxh3 Qxh3 17. Nxb7 a3 18. b3 Rfe8 19. Nc5 Rad8 20. Qc1 Rd5 21. Nd3 Rh5 22.
Nh4 Rxh4 23. gxh4 Qg4+ 24. Kh2 Qxh4+ 25. Kg1 Qg4+ 26. Kh2 Qe4 27. Qc5 e5 28. Rac1 exd4 29. Qxc6 Nd5 30. exd4 Qh4+ 31. Kg1 Re4 32. Qxd5 Qg4+ 33.
Kh2 Qh4+ 34. Kg1 Rg4+ 35. Qg2 Rxg2+ 36. Kxg2 Qe4+ 37. Kg1 Qxd3 38. Rfd1 Qe2 39. Re1 Qxa2 40. Rxc7 Qxb3 41. Ree7 a2 42. Ra7 Qb1+ 43. Kg2 a1=Q 44.
Rxf7+ Kh6 45. Rxh7+ Kg5 0-1

[Event "*** Titled Tuesday Blitz"]
[Site "Chess.com"]
[Date "2020.05.19"]
[Round "3"]
[White "Shushik"]
[Black "ChadBiryani"]
[Result "1-0"]
[WhiteElo "2094"]
[BlackElo "2305"]
[TimeControl "180+1"]
[EndTime "12:29:04 PDT"]
[Termination "Shushik won by checkmate"]

1. e4 g6 2. d4 Bg7 3. Nc3 c5 4.
Nf3 cxd4 5. Nxd4 Nc6 6. Be3 d6 7. Qd2 Nf6 8. f3 O-O 9. Bc4 Bd7 10. O-O-O Ne5 11. Bb3 Rc8 12. g4 Qa5 13. h4 h5 14. gxh5 Nxh5 15. Kb1 Kh7 16. Bg5 Rxc3 17.
Qxc3 Qxc3 18. bxc3 Re8 19. f4 Nc6 20. f5 Ng3 21.
Bxf7 Nxh1 22. Bxe8 Nf2 23. Bxg6+ Kh8 24. Re1 Nxd4 25. Be3 Ng4 26. Bxd4 Ne5 27. h5 Bc6 28. Re2 Kg8 29. Kb2 Kf8 30. Bxe5 Bxe5 31. h6 Bh8 32. h7 Bb5 33. Rh2 Bc6 34. Rh4 Kg7 35. Rg4 Kf6 36. Kb3 Bd7 37. Bh5 Bg7 38. Rg6+ Ke5 39. Rxg7 Bb5 40. h8=Q a5 41. Rg3+ Kf4 42. Rf3+ Kxe4 43. Qd4# 1-0

[Event "*** Titled Tuesday Blitz"]
[Site "Chess.com"]
[Date "2020.05.19"]
[Round "3"]
[White "IMTominho"]
[Black "gilbert_gm"]
[Result "1-0"]
[WhiteElo "2838"]
[BlackElo "2594"]
[TimeControl "180+1"]
[EndTime "12:29:05 PDT"]
[Termination "IMTominho won by resignation"]

1. d4 d5 2. Nf3 c6 3. c4 Nf6 4. Nc3 a6 5. a4 e6 6. g3 a5 7. Bg2 Bd6 8. O-O Nbd7 9. Qd3 O-O 10. e4 dxc4 11. Qxc4 e5 12. Rd1 Qe7 13. h3 exd4 14.
Nxd4 Ne5 15. Qe2 Bc5 16. f4 Ng6 17. Be3 Re8 18. Kh2 Bb4 19. e5 Bxc3 20. bxc3 Nd5 21.
Bd2 Nf8 22. Re1 g6 23. Rad1 Ne6 24. Nf3 Nc5 25. Ra1 Nb3 26. Rab1 Nxd2 27. Qxd2 Bf5 28.
Rb3 Rad8 29. Qf2 Qc7 30. Qa7 b5 31. Qxc7 Nxc7 32. Nd4 Be6 33. Rbb1 bxa4 34. Bxc6 Bd7 35. Bxd7 Rxd7 36. Ra1 Nd5 37. Nb5 Rb8 38. c4 Nb6 39.
Nd6 Rc7 40. Rec1 Nc8 41. c5 Rb2+ 42. Kg1 Ne7 43. Rxa4 Nc6 44. Rac4 Nb4 45. c6 a4 46. Nb5 Rc8 47. c7 Na6 48. Rxa4 Nxc7 49. Rxc7 Rd8 50.
Nd6 Rdb8 51. Rc8+ Rxc8 52. Nxc8 h5 53. Ne7+ Kg7 54. Nd5 h4 55. gxh4 Kh6 56. Nf6 g5 57. hxg5+ Kg6 58. h4 Kf5 59. h5 Ke6 60. h6 Kf5 61. h7 Rb8 62. Ng8 Kg4 63. h8=Q Rb1+ 64. Kf2 Rb2+ 65. Ke3 Rb3+ 66. Ke4 Rb4+ 67. Rxb4 1-0

[Event "*** Titled Tuesday Blitz"]
[Site "Chess.com"]
[Date "2020.05.19"]
[Round "3"]
[White "Igrok3069"]
[Black "Keks2017"]
[Result "1-0"]
[WhiteElo "2767"]
[BlackElo "2517"]
[TimeControl "180+1"]
[EndTime "12:29:05 PDT"]
[Termination "Igrok3069 won by resignation"]

1. d4 d6 2. Nf3 Nf6 3. g3 g6 4.
Bg2 Bg7 5. O-O O-O 6. b3 a5 7.
Nc3 Na6 8. Bb2 c6 9. e4 Nd7 10. Re1 Qc7 11. e5 dxe5 12. dxe5 Ndc5 13. Qe2 Ne6 14. Ne4 Nac5 15. h4 Nxe4 16. Qxe4 a4 17.
h5 Qa5 18. b4 Qd5 19. Qe3 Qc4 20. Bc3 a3 21. h6 Bh8 22. Bf1 Qg4 23. Rad1 Nc7 24.
Rd4 Nd5 25. Qd3 Qf5 26. Bd2 Qxd3 27. Bxd3 Nc7 28. Bc4 Ne6 29. Rd3 Rd8 30. Ree3 Bd7 31.
Rxa3 Rxa3 32. Rxa3 Bc8 33. Be3 Kf8 34. Ra8 Re8 35.
Bb6 f6 36. Rxc8 Rxc8 37. Bxe6 Ra8 38. Nd2 fxe5 39. Ne4 Bf6 40. Kg2 Ra6 41. Bc5 b6 42. Nxf6 bxc5 43. Nxh7+ Ke8 44. Ng5 cxb4 45. h7 1-0

[Event "*** Titled Tuesday Blitz"]
[Site "Chess.com"]
[Date "2020.05.19"]
[Round "3"]
[White "JonahWillow"]
[Black "GM_LOADING"]
[Result "0-1"]
[WhiteElo "2690"]
[BlackElo "2445"]
[TimeControl "180+1"]
[EndTime "12:29:05 PDT"]
[Termination "GM_LOADING won by resignation"]

1. e4 e5 2. Nf3 Nc6 3. Nc3 Nf6 4.
Bb5 Bb4 5. O-O O-O 6. d3 Bxc3 7. bxc3 d6 8. Bg5 Qe7 9. Re1 a6 10. Bc4 Be6 11. Bb3 h6 12. Bh4 Rae8 13. h3 Nb8 14. Rb1 b6 15. d4 Bxb3 16. axb3 a5 17. Qd3 Nbd7 18. Qc4 Rc8 19. Rbd1 g5 20. Bg3 Nh5 21. Bh2 Nf4 22. Qf1 Qf6 23. Bg3 Nxh3+ 24. gxh3 Qxf3 25. Qb5 Rcd8 26. dxe5 Nxe5 27. Bxe5 dxe5 28. Rxd8 Rxd8 29. Qxe5 Rd2 30. Rf1 Rxc2 31. Qxc7 Rxc3 32. Qd8+ Kh7 33. Qxb6 Qxe4 34. Qa7 Qd5 35. f3 Rc2 36. Qe3 Qd6 37. Qe4+ Kg7 38. Rf2 Qg3+ 39. Kh1 Qxf2 40. Qd4+ Kh7 0-1

[Event "*** Titled Tuesday Blitz"]
[Site "Chess.com"]
[Date "2020.05.19"]
[Round "3"]
[White "AlexTruskavetsky"]
[Black "GukeshDommaraju"]
[Result "1/2-1/2"]
[WhiteElo "2430"]
[BlackElo "2682"]
[TimeControl "180+1"]
[EndTime "12:29:05 PDT"]
[Termination "Game drawn by repetition"]

1. d4 Nf6 2. Bg5 d5 3. Bxf6 exf6 4. e3 Bd6 5. c4 dxc4 6. Bxc4 O-O 7. Nc3 c6 8. Nge2 Nd7 9. O-O f5 10. g3 Nf6 11. Rb1 a5 12. a3 a4 13. Qc2 b5 14.
Bd3 g6 15. Rfd1 Be6 16. Qd2 Qe7 17. Nf4 Bxf4 18. exf4 Rfd8 19. Qe3 Qd7 20. Be2 Bb3 21. Rd2 Re8 22. Qf3 Ne4 23. Nxe4 Rxe4 24. Qc3 Rae8 25.
Bf1 Bd5 26. Rc2 Qe6 27. Rcc1 Qf6 28. Bg2 Rxd4 29. Bxd5 cxd5 30. Re1 Rxe1+ 31. Rxe1 Kg7 32. Re5 Rd1+ 33. Kg2 d4 34. Qc5 d3 35. Re8 h5 36.
Qf8+ Kh7 37. Qg8+ Kh6 38. Rf8 d2 39. Rxf7 Rg1+ 40. Kh3 Qxf7 41. Qxf7 d1=Q 42. Qf8+ Kh7 43. Qf7+ Kh6 44. Qf8+ Kh7 45. Qf7+ Kh8 46. Qf8+ Kh7 1/2-1/2

[Event "*** Titled Tuesday Blitz"]
[Site "Chess.com"]
[Date "2020.05.19"]
[Round "3"]
[White "dretch"]
[Black "Asteroxylon"]
[Result "1-0"]
[WhiteElo "2720"]
[BlackElo "2441"]
[TimeControl "180+1"]
[EndTime "12:29:06 PDT"]
[Termination "dretch won on time"]

1. d4 e6 2. c4 d5 3. Nc3 c5 4. cxd5 exd5 5. Nf3 Nc6 6. g3 c4 7. Bg2 Bb4 8. O-O Nge7 9. e4 O-O 10. exd5 Nxd5 11.
Nxd5 Qxd5 12. Be3 Bf5 13. Ne5 Qb5 14. Qf3 Bd3 15. Nxd3 cxd3 16. Rfd1 Rad8 17. Qe4 d2 18. a4 Qa5 19. Qd3 Rfe8 20. Bxc6 bxc6 21. Bxd2 c5 22. d5 Bxd2 23. Qxd2 Qa6 24. Qc3 c4 25. Rd4 Re5 26. Qxc4 Qxc4 27. Rxc4 Rexd5 28. b4 h5 29. Rac1 g6 30.
Rc7 Rd4 31. R1c4 Rd1+ 32. Kg2 a6 33. Ra7 Rb1 34. Rf4 Rb8 35. Rfxf7 R1xb4 36. Rg7+ Kh8 37. Rh7+ Kg8 38. Rag7+ Kf8 39. Ra7 Kg8 40. Rh6 1-0

[Event "*** Titled Tuesday Blitz"]
[Site "Chess.com"]
[Date "2020.05.19"]
[Round "3"]
[White "saisree"]
[Black "Mizner"]
[Result "0-1"]
[WhiteElo "2352"]
[BlackElo "2552"]
[TimeControl "180+1"]
[EndTime "12:29:06 PDT"]
[Termination "Mizner won by resignation"]

1. e4 e6 2. d4 d5 3. Nd2 c5 4. exd5 Qxd5 5. Ngf3 cxd4 6. Bc4 Qc5 7. O-O Nc6 8. a3 Nf6 9. b4 Qb6 10. Bb2 Be7 11. Nb3 O-O 12. Nbxd4 Rd8 13. Nxc6 Rxd1 14.
Nxe7+ Kf8 15. Rfxd1 Kxe7 16. Bd4 Qc7 17. Bc5+ Ke8 18. Rd2 Bd7 19. Bb3 Ne4 20. Rd3 Nxc5 21. bxc5 Qxc5 22. Rad1 Bb5 23. R3d2 Qxa3 24. Ng5 h6 25.
Ne4 Ke7 26. Nd6 Bc6 27. Nxb7 Bxb7 28. Rd7+ Kf6 29. Rxb7 a5 30. h3 a4 31. Bc4 Qc3 32. Rc7 a3 33. Rdd7 Rf8 34. Bb3 Qa1+ 35. Kh2 a2 36. f4 Qb2 37. Bxa2 Qxa2 38. c4 Qf2 39. c5 Qxf4+ 40. Kg1 g5 41. c6 Qc1+ 42. Kh2 Qf4+ 43. Kg1 Kg6 44. Re7 Ra8 0-1

[Event "*** Titled Tuesday Blitz"]
[Site "Chess.com"]
[Date "2020.05.19"]
[Round "3"]
[White "Slovak_fighter2000"]
[Black "tigra"]
[Result "1/2-1/2"]
[WhiteElo "2534"]
[BlackElo "2762"]
[TimeControl "180+1"]
[EndTime "12:29:07 PDT"]
[Termination "Game drawn by agreement"]

1. d4 Nf6 2. Nf3 g6 3. c4 Bg7 4. Nc3 d5 5. Bg5 Ne4 6. cxd5 Nxg5 7. Nxg5 e6 8. Qd2 exd5 9. Qe3+ Kf8 10. Qf4 Bf6 11. h4 Kg7 12. e3 c6 13. Bd3 Nd7 14.
O-O-O h6 15. Nf3 Nf8 16. Kb1 Ne6 17. Qg3 Qc7 18. Ne5 Bxe5 19. dxe5 Nc5 20. Bc2 h5 21.
Qg5 Qd8 22. Qf4 Qe7 23. e4 d4 24. Rxd4 Ne6 25. Qf6+ Qxf6 26. exf6+ Kxf6 27. Rd2 Rd8 28. Rxd8 Nxd8 29. f4 Ne6 30. e5+ Ke7 31. g3 Nd4 32.
Rd1 Nxc2 33. Kxc2 Bf5+ 34. Kb3 Re8 35. Rd6 Rd8 36. Rxd8 Kxd8 37. Kc4 b6 38. b4 Bc2 39. a3 Kd7 40. Kd4 Ke6 41. Ne2 Bd1 42. Nc3 Bb3 43. Ne4 Bd5 44. Nc3 Bg2 45. Nd1 Bh1 46. Ne3 Bf3 47. Kc4 Ke7 48. Kd4 Kd7 49. Kc4 Ke6 50. Kd4 Be2 51. Ke4 1/2-1/2

[Event "*** Titled Tuesday Blitz"]
[Site "Chess.com"]
[Date "2020.05.19"]
[Round "3"]
[White "StephenDedalus83"]
[Black "louis198"]
[Result "1-0"]
[WhiteElo "2743"]
[BlackElo "2497"]
[TimeControl "180+1"]
[EndTime "12:29:07 PDT"]
[Termination "StephenDedalus83 won by resignation"]

1. e4 e6 2. d4 d5 3. Nc3 dxe4 4.
Nxe4 Bd7 5. Nf3 Bc6 6. Bd3 Nd7 7.
O-O Ngf6 8. Ng3 g6 9. Qe2 Bg7 10. Ne5 Nxe5 11. dxe5 Nd7 12. f4 Qe7 13. Be3 Nc5 14.
Bc4 a5 15. Rad1 h5 16. Qf2 Bf8 17. h3 h4 18. Ne2 Ne4 19. Qe1 Bh6 20. Nd4 Ng3 21.
Nxc6 bxc6 22. Rf2 Nf5 23. Bd3 Qb4 24. c3 Qe7 25. Be4 O-O 26. Bxc6 Rad8 27. Rfd2 Rxd2 28. Rxd2 Rd8 29. Rxd8+ Qxd8 30. Bd2 Qb8 31. Be4 Qxb2 32. a4 Ng3 33. Bf3 Qc2 34. Qc1 Qxa4 35. c4 c5 36.
Kf2 Qa2 37. Ke3 Nf5+ 38. Kd3 a4 39. Qc2 Qa1 40. Bc3 Qf1+ 41. Qe2 Qxe2+ 42. Bxe2 Bxf4 43. Bb2 Ne3 44. Bf3 Nd1 45. Bxd1 a3 46. Bxa3 Bxe5 47. Bxc5 Kg7 48. Bd4 Kf6 49. c5 Bxd4 50.
Kxd4 e5+ 51. Kd5 1-0

[Event "*** Titled Tuesday Blitz"]
[Site "Chess.com"]
[Date "2020.05.19"]
[Round "3"]
[White "tsvet2005"]
[Black "ameetghasi100"]
[Result "0-1"]
[WhiteElo "2505"]
[BlackElo "2720"]
[TimeControl "180+1"]
[EndTime "12:29:07 PDT"]
[Termination "ameetghasi100 won by resignation"]

1. d4 Nf6 2. c4 g6 3. Nc3 Bg7 4.
e4 d6 5. Be2 O-O 6. Be3 a6 7.
Nf3 Bg4 8. h3 Bxf3 9. Bxf3 Nfd7 10.
Be2 c6 11. O-O b5 12. a3 bxc4 13. Bxc4 Nb6 14. Bb3 N8d7 15. Qe2 a5 16. Rfd1 Qb8 17. Rac1 Qb7 18. Na4 Rfc8 19. Nxb6 Nxb6 20. h4 e6 21. h5 d5 22. e5 a4 23. Ba2 Qa6 24. Qxa6 Rxa6 25. Rc2 Nd7 26. Rdc1 c5 27. dxc5 Nxe5 28. hxg6 hxg6 29. f3 Nd3 30. Rd1 Ne5 31. Kf2 Ra5 32. Rd4 Nc6 33. Rd1 Rb5 34. Rdd2 Rcb8 35. Bf4 R8b7 36.
Bd6 Rxb2 37. Rxb2 Bxb2 38. Bb1 Bc1 39. Bc2 Bxd2 40. Bxa4 Na7 41. Be8 Ba5 42. a4 Rb2+ 43.
Ke3 Rxg2 44. c6 Rc2 45. Kd3 Rc3+ 0-1

[Event "*** Titled Tuesday Blitz"]
[Site "Chess.com"]
[Date "2020.05.19"]
[Round "3"]
[White "Paladin61"]
[Black "bsnsun"]
[Result "1/2-1/2"]
[WhiteElo "2649"]
[BlackElo "2489"]
[TimeControl "180+1"]
[EndTime "12:29:08 PDT"]
[Termination "Game drawn by agreement"]

1. b3 e5 2. Bb2 Nc6 3. e3 Nf6 4. Bb5 Bd6 5. Na3 Na5 6. Be2 O-O 7. Nb5 Qe7 8. Nxd6 Qxd6 9. d4 exd4 10. Qxd4 Qxd4 11.
Bxd4 Nc6 12. Bxf6 gxf6 13. Nf3 d6 14. c3 Bf5 15. Kd2 Rfe8 16. Nd4 Bd7 17. Bf3 Rab8 18. Nxc6 Bxc6 19. Bxc6 bxc6 20. Kc2 Rb5 21. Rad1 Rg5 22. Rhg1 Rf5 23. Rd2 Kf8 24. Kd1 Ke7 25. Ke2 Rg8 26. g3 h5 27. h4 Ra5 28. Rc1 Re5 29. Rd4 Rb8 30. Ra4 Rb7 31. Rd1 Reb5 32. Rdd4 Kd7 33. Rf4 Ke7 34. Kd3 Re5 35. Kc2 c5 36. Ra5 Ke6 37.
Rfa4 Rf5 38. f4 c4 39. Rxa7 cxb3+ 40. axb3 Rxa7 41. Rxa7 Rc5 42. b4 Rc6 43. Ra5 f5 44. Kd3 Rb6 45. Ra8 Kf6 46. Ra5 Ke6 47. c4 Rxb4 1/2-1/2

[Event "*** Titled Tuesday Blitz"]
[Site "Chess.com"]
[Date "2020.05.19"]
[Round "3"]
[White "Sam_ChessMood"]
[Black "WildBizon"]
[Result "1-0"]
[WhiteElo "2886"]
[BlackElo "2610"]
[TimeControl "180+1"]
[EndTime "12:29:09 PDT"]
[Termination "Sam_ChessMood won by resignation"]

1. e4 c5 2. Nf3 Nc6 3. Bb5 g6 4.
O-O Bg7 5. c3 Nf6 6. Re1 O-O 7.
d4 d5 8. e5 Ne4 9. Be3 cxd4 10.
cxd4 Qb6 11. Bxc6 Qxc6 12. Nbd2 Bf5 13. Nh4 Be6 14. Nb3 g5 15. Nf3 h6 16. h4 f6 17.
hxg5 fxg5 18. Nfd2 Rac8 19. Rc1 Qe8 20. Nxe4 dxe4 21.
Rxc8 Qxc8 22. Nc5 Bd5 23. Na4 Be6 24. Nc3 Bg4 25. Qb3+ Be6 26. Qa3 Rf7 27. d5 Bf5 28. e6 Rf8 29. Qxe7 a6 30. Rd1 b5 31. Bd4 Bxd4 32.
Rxd4 a5 33. a3 b4 34. axb4 axb4 35. Rxb4 Re8 36. Qf6 Bh7 37. Qxh6 Rf8 38. Qxg5+ Kh8 39. Qe5+ Kg8 40. e7 Re8 41. d6 Qg4 42. Rd4 Kf7 43. d7 Rxe7 44. Qxe7+ Kxe7 45. d8=Q+ 1-0

[Event "*** Titled Tuesday Blitz"]
[Site "Chess.com"]
[Date "2020.05.19"]
[Round "3"]
[White "Gabrielian_Artur"]
[Black "Moon_stone123"]
[Result "1/2-1/2"]
[WhiteElo "2713"]
[BlackElo "2522"]
[TimeControl "180+1"]
[EndTime "12:29:09 PDT"]
[Termination "Game drawn by repetition"]

1. e4 c5 2. Nc3 g6 3. d4 cxd4 4. Qxd4 Nf6 5. Nf3 Nc6 6. Qa4 d6 7. e5 dxe5 8. Nxe5 Bd7 9. Nxd7 Qxd7 10. Be2 Bg7 11. O-O O-O 12. Be3 Rad8 13. Rad1 Qc8 14. h3 a6 15. Bb6 Rxd1 16. Rxd1 Nd7 17.
Be3 Nf6 18. Qf4 Rd8 19. Rxd8+ Qxd8 20. Bf3 h5 21. a3 Qd7 22. Bb6 e5 23. Qc4 e4 24. Nxe4 Nxe4 25. Bxe4 Bxb2 26. a4 Kg7 27. g3 Bf6 28. Qd5 Qxh3 29. a5 h4 30. Bg2 Qg4 31.
Bf3 Qh3 32. Bg2 Qg4 33. Bf3 Qb4 34. gxh4 Qxh4 35. Qe4 Qg5+ 36. Kf1 Qc1+ 37. Kg2 Qg5+ 38. Kf1 Nxa5 39. Bxa5 Qxa5 40. Qxb7 Qa1+ 41. Kg2 Qe5 42. Qxa6 Qg5+ 43. Kf1 Qc1+ 44. Kg2 Qg5+ 45. Kf1 Qc1+ 46. Kg2 Qg5+ 1/2-1/2

[Event "*** Titled Tuesday Blitz"]
[Site "Chess.com"]
[Date "2020.05.19"]
[Round "3"]
[White "GMJustin"]
[Black "RestartingChess"]
[Result "0-1"]
[WhiteElo "2358"]
[BlackElo "2556"]
[TimeControl "180+1"]
[EndTime "12:29:09 PDT"]
[Termination "RestartingChess won on time"]

1. d4 Nf6 2. c4 e5 3. dxe5 Ng4 4. Bf4 Nc6 5. Nf3 Bb4+ 6. Nbd2 Qe7 7. e3 Ngxe5 8.
Nxe5 Nxe5 9. Be2 d6 10. O-O Bxd2 11. Qxd2 O-O 12. Rac1 b6 13. b4 a5 14. a3 axb4 15. axb4 Be6 16. c5 bxc5 17. bxc5 Ra2 18. cxd6 cxd6 19. Rc2 Rxc2 20. Qxc2 Ng6 21. Bg3 Rd8 22. Rd1 d5 23. h3 Qg5 24. Bd3 h5 25. Bxg6 fxg6 26. Qc7 Rd7 27. Qc6 Qf6 28. Rc1 h4 29. Bxh4 Qe5 30. Qa8+ Kh7 31. Rc8 g5 32. Bg3 Qe4 33.
Rh8+ Kg6 34. Qe8+ Rf7 35. Rf8 Qf5 36. Rxf7 Bxf7 37. Qc6+ Be6 38. Qc5 Qb1+ 39. Kh2 Qe4 40. f3 Qf5 41. Qd4 Kh7 42. Be5 Qg6 43. Kg1 Qb1+ 44.
Kh2 Qg6 45. h4 Qh6 46. Bg3 Qh5 47. Kg1 gxh4 48. Bxh4 Kg6 49. Kf2 Qf5 50. g4 Qc2+ 51. Kg3 Kf7 0-1

[Event "*** Titled Tuesday Blitz"]
[Site "Chess.com"]
[Date "2020.05.19"]
[Round "3"]
[White "Quattroporte300"]
[Black "szachuspl"]
[Result "0-1"]
[WhiteElo "2311"]
[BlackElo "2536"]
[TimeControl "180+1"]
[EndTime "12:29:09 PDT"]
[Termination "szachuspl won by resignation"]

1. e4 c5 2. Nf3 e6 3. d4 cxd4 4. Nxd4 Nc6 5. Nc3 a6 6. Be2 Nf6 7. O-O Bb4 8. Bg5 h6 9. Bh4 g5 10. Bg3 Bxc3 11. bxc3 Nxe4 12. Nxc6 dxc6 13. Be5 f6 14.
Bh5+ Ke7 15. Qf3 Qd5 16. Rfe1 Qxe5 17. Rxe4 Qd5 18. Rae1 e5 19. c4 Qe6 20. Qa3+ Qd6 21. Qc3 Be6 22. c5 Qd5 23. Rb4 Rab8 24. Bf3 Qd7 25.
Reb1 Rhd8 26. Qb2 b5 27. cxb6 c5 28. Rb3 Bxb3 29. Qxb3 Qe6 30. Qc3 e4 31. Qxc5+ Kf7 32. Be2 Rdc8 33. Qb4 Kg7 34. Bh5 Rb7 35. h3 Rc6 36.
Bg4 Qe7 37. Qb3 Rcxb6 38. Qxb6 Rxb6 39. Rxb6 Kg6 40. Rxa6 h5 41. Be2 Qc5 42. a4 Qxc2 43. a5 Qxe2 0-1